[ AOE2 MATCH · #478353844 ]
UnrankedKhmer vs Huns
Player's team · WIN
Rival team · LOSS
[ REPLAY ANALYSIS · EXTRACTED FROM THE RECORDED GAME ]
Feudal
10:06
Castle
22:22
Imperial
—
| APM avg | 18.8 |
| APM peak | 34 |
| eAPM avg | 13.2 |
| Villagers / military | 106 / 107 |
Focus
⚔️ 32.8% · 🌾 67.2%
Knight ×62 · Scout Cavalry ×29 · Archer ×11 · Skirmisher ×4 · Battering Ram ×1
Feudal
12:12
Castle
31:34
Imperial
—
| APM avg | 18.8 |
| APM peak | 42 |
| eAPM avg | 11.2 |
| Villagers / military | 66 / 52 |
Focus
⚔️ 25.4% · 🌾 74.6%
Spearman ×38 · Scout Cavalry ×13 · Monk ×1
Match map
Initial resources + every placement click. Lines = walls · curves = elevation contours. ◆ gold · ⬟ stone · ● berries · ✦ relic · ◌ wall gap
Your base· Open — unwalled flank
Athedge's base· Open — unwalled flank
Smoothed initial terrain · ◌ = detected wall gap · hover for details
Inputs per minute
— TatamiBarda - - Athedge
Build order — TatamiBarda
First 150 of 332 actions detected
| 0:04 | Build | House |
| 0:05 | Build | House |
| 0:06 | Create | Villager (Male) |
| 0:06 | Create | Villager (Male) |
| 0:07 | Create | Villager (Male) |
| 0:07 | Create | Villager (Male) |
| 1:39 | Create | Villager (Male) |
| 2:17 | Create | Villager (Male) |
| 2:48 | Create | Villager (Male) |
| 2:48 | Create | Villager (Male) |
| 2:49 | Create | Villager (Male) |
| 3:42 | Create | Villager (Male) |
| 3:43 | Create | Villager (Male) |
| 3:43 | Create | Villager (Male) |
| 3:43 | Create | Villager (Male) |
| 3:54 | Build | House |
| 3:56 | Build | House |
| 4:55 | Create | Villager (Male) |
| 5:14 | Build | Lumber Camp |
| 5:26 | Create | Villager (Male) |
| 5:26 | Create | Villager (Male) |
| 5:27 | Create | Villager (Male) |
| 5:27 | Create | Villager (Male) |
| 5:49 | Create | Villager (Male) |
| 5:55 | Research | Loom |
| 7:38 | Build | Mill |
| 7:41 | Research | Feudal Age |
| 8:07 | Build | House |
| 8:09 | Build | House |
| 9:04 | Create | Villager (Male) |
| 9:04 | Create | Villager (Male) |
| 10:06 | Age | Feudal Age |
| 10:16 | Build | Stable |
| 10:28 | Research | Double-Bit Axe |
| 10:38 | Build | Farm |
| 10:42 | Build | Farm |
| 10:46 | Build | Farm |
| 10:50 | Create | Villager (Male) |
| 10:54 | Build | Farm |
| 11:17 | Create | Villager (Male) |
| 11:22 | Build | Farm |
| 11:28 | Build | Farm |
| 11:34 | Create | Scout Cavalry |
| 11:48 | Build | Farm |
| 11:53 | Create | Villager (Male) |
| 12:43 | Create | Scout Cavalry |
| 12:45 | Create | Villager (Male) |
| 12:45 | Create | Villager (Male) |
| 12:51 | Build | Archery Range |
| 12:53 | Build | House |
| 12:57 | Create | Villager (Male) |
| 13:04 | Build | House |
| 13:11 | Create | Scout Cavalry |
| 13:34 | Build | Farm |
| 13:35 | Build | Farm |
| 13:37 | Build | Farm |
| 14:02 | Build | Mining Camp |
| 14:04 | Create | Villager (Male) |
| 14:05 | Create | Villager (Male) |
| 14:06 | Create | Scout Cavalry |
| 14:23 | Create | Scout Cavalry |
| 14:40 | Create | Archer |
| 14:47 | Create | Villager (Male) |
| 14:50 | Create | Scout Cavalry |
| 14:53 | Build | Lumber Camp |
| 15:17 | Create | Archer |
| 15:17 | Create | Skirmisher |
| 15:17 | Create | Archer |
| 15:25 | Create | Villager (Male) |
| 15:26 | Create | Villager (Male) |
| 15:30 | Build | Farm |
| 15:47 | Create | Skirmisher |
| 15:52 | Create | Villager (Male) |
| 15:53 | Create | Villager (Male) |
| 16:01 | Build | House |
| 16:03 | Build | House |
| 16:48 | Create | Archer |
| 16:48 | Create | Skirmisher |
| 16:49 | Create | Archer |
| 16:49 | Create | Skirmisher |
| 16:49 | Create | Archer |
| 17:16 | Create | Villager (Male) |
| 17:16 | Create | Villager (Male) |
| 17:16 | Create | Villager (Male) |
| 17:21 | Build | Farm |
| 17:28 | Build | House |
| 17:29 | Build | House |
| 17:31 | Build | House |
| 18:20 | Create | Villager (Male) |
| 18:20 | Create | Villager (Male) |
| 18:25 | Build | Farm |
| 18:26 | Build | Farm |
| 19:42 | Research | Castle Age |
| 19:43 | Research | Town Watch |
| 20:11 | Build | Farm |
| 20:12 | Build | Farm |
| 20:13 | Build | Farm |
| 20:14 | Build | Farm |
| 20:15 | Build | Farm |
| 20:17 | Build | Farm |
| 20:21 | Research | Bloodlines |
| 20:23 | Create | Archer |
| 20:23 | Create | Archer |
| 20:26 | Create | Archer |
| 20:33 | Build | Farm |
| 20:34 | Build | Farm |
| 20:43 | Create | Villager (Male) |
| 20:44 | Create | Villager (Male) |
| 21:01 | Create | Scout Cavalry |
| 21:06 | Create | Archer |
| 21:06 | Create | Archer |
| 21:26 | Build | Blacksmith |
| 21:48 | Build | Lumber Camp |
| 21:52 | Create | Scout Cavalry |
| 21:53 | Create | Scout Cavalry |
| 21:53 | Create | Scout Cavalry |
| 21:54 | Create | Scout Cavalry |
| 22:22 | Age | Castle Age |
| 22:29 | Research | Wheelbarrow |
| 22:32 | Create | Knight |
| 22:39 | Build | Farm |
| 22:43 | Create | Villager (Male) |
| 22:57 | Research | Horse Collar |
| 23:54 | Create | Villager (Male) |
| 23:54 | Create | Villager (Male) |
| 23:57 | Create | Knight |
| 23:57 | Create | Knight |
| 24:18 | Build | Town Center |
| 24:26 | Research | Forging |
| 24:27 | Research | Scale Mail Armor |
| 24:28 | Research | Scale Barding Armor |
| 25:23 | Research | Husbandry |
| 25:30 | Create | Villager (Male) |
| 25:30 | Create | Villager (Male) |
| 25:31 | Create | Villager (Male) |
| 25:31 | Create | Villager (Male) |
| 25:36 | Build | Farm |
| 25:37 | Build | Farm |
| 25:39 | Build | Farm |
| 25:44 | Create | Villager (Male) |
| 25:44 | Create | Villager (Male) |
| 25:45 | Create | Villager (Male) |
| 25:45 | Research | Hand Cart |
| 25:48 | Research | Gold Mining |
| 26:04 | Build | Mining Camp |
| 26:07 | Build | House |
| 26:14 | Create | Villager (Male) |
| 26:14 | Create | Villager (Male) |
| 26:43 | Build | Farm |
| 26:45 | Build | Farm |
Build order — Athedge
First 150 of 180 actions detected
| 0:01 | Create | Villager (Male) ×4 |
| 1:35 | Create | Villager (Male) |
| 2:02 | Create | Villager (Male) |
| 2:31 | Create | Villager (Male) |
| 2:31 | Create | Villager (Male) |
| 2:31 | Create | Villager (Male) |
| 3:23 | Build | Mill |
| 3:34 | Create | Villager (Male) |
| 3:35 | Create | Villager (Male) |
| 3:35 | Create | Villager (Male) |
| 4:02 | Create | Villager (Male) |
| 4:45 | Create | Villager (Male) |
| 4:46 | Create | Villager (Male) |
| 6:17 | Create | Villager (Male) |
| 6:17 | Create | Villager (Male) |
| 6:18 | Create | Villager (Male) |
| 6:18 | Create | Villager (Male) |
| 6:18 | Create | Villager (Male) |
| 6:18 | Create | Villager (Male) |
| 6:19 | Create | Villager (Male) |
| 7:25 | Build | Lumber Camp |
| 7:50 | Create | Villager (Male) |
| 8:32 | Create | Villager (Male) |
| 9:56 | Research | Feudal Age |
| 9:58 | Research | Loom |
| 10:03 | Create | Villager (Male) |
| 10:03 | Create | Villager (Male) |
| 10:09 | Create | Villager (Male) |
| 10:35 | Build | Mining Camp |
| 11:03 | Build | Barracks |
| 12:12 | Age | Feudal Age |
| 12:16 | Research | Horse Collar |
| 12:20 | Research | Double-Bit Axe |
| 12:22 | Research | Wheelbarrow |
| 12:31 | Build | Stable |
| 13:01 | Create | Spearman |
| 13:01 | Create | Spearman |
| 13:02 | Create | Spearman |
| 13:15 | Build | Farm |
| 13:24 | Build | Farm |
| 13:43 | Create | Scout Cavalry |
| 13:54 | Build | Farm |
| 13:59 | Build | Farm |
| 14:38 | Build | Farm |
| 15:00 | Create | Villager (Male) |
| 15:01 | Create | Villager (Male) |
| 15:02 | Create | Villager (Male) |
| 15:40 | Build | Farm |
| 15:51 | Build | Blacksmith |
| 16:03 | Build | Farm |
| 16:06 | Build | Farm |
| 16:12 | Build | Farm |
| 16:17 | Build | Farm |
| 16:20 | Build | Farm |
| 16:25 | Create | Villager (Male) |
| 16:25 | Create | Villager (Male) |
| 16:25 | Create | Villager (Male) |
| 16:34 | Build | Farm |
| 17:03 | Create | Spearman |
| 17:03 | Create | Spearman |
| 17:34 | Create | Villager (Male) |
| 17:35 | Create | Villager (Male) |
| 17:42 | Build | Farm |
| 17:46 | Build | Farm |
| 17:53 | Build | Farm |
| 18:22 | Create | Spearman |
| 18:22 | Create | Spearman |
| 18:23 | Create | Spearman |
| 18:34 | Create | Spearman |
| 19:01 | Build | Watch Tower |
| 19:10 | Create | Scout Cavalry |
| 19:49 | Create | Scout Cavalry |
| 20:02 | Create | Villager (Male) |
| 20:03 | Create | Villager (Male) |
| 20:45 | Build | Palisade Wall |
| 20:57 | Create | Villager (Male) |
| 20:57 | Create | Villager (Male) |
| 21:48 | Create | Villager (Male) |
| 21:48 | Create | Villager (Male) |
| 22:07 | Create | Villager (Male) |
| 22:17 | Research | Bloodlines |
| 22:20 | Research | Scale Barding Armor |
| 22:27 | Build | Stable |
| 22:33 | Build | Stable |
| 22:40 | Research | Forging |
| 22:52 | Research | Fletching |
| 23:00 | Create | Villager (Male) |
| 23:58 | Create | Villager (Male) |
| 23:58 | Create | Villager (Male) |
| 23:58 | Create | Villager (Male) |
| 24:06 | Build | Mining Camp |
| 24:12 | Create | Scout Cavalry |
| 24:12 | Create | Scout Cavalry |
| 24:13 | Create | Scout Cavalry |
| 24:13 | Create | Scout Cavalry |
| 24:14 | Create | Scout Cavalry |
| 24:14 | Create | Scout Cavalry |
| 25:15 | Create | Scout Cavalry |
| 25:15 | Create | Scout Cavalry |
| 25:15 | Create | Scout Cavalry |
| 25:16 | Create | Scout Cavalry |
| 25:29 | Create | Villager (Male) |
| 25:29 | Create | Villager (Male) |
| 25:30 | Create | Villager (Male) |
| 26:41 | Create | Villager (Male) |
| 26:41 | Create | Villager (Male) |
| 26:48 | Build | Lumber Camp |
| 27:29 | Create | Villager (Male) |
| 27:30 | Create | Villager (Male) |
| 27:38 | Build | Farm |
| 27:48 | Build | Farm |
| 28:40 | Build | Palisade Wall |
| 28:54 | Research | Castle Age |
| 29:15 | Create | Spearman |
| 29:18 | Research | Scale Mail Armor |
| 29:35 | Create | Spearman |
| 29:36 | Create | Spearman |
| 29:56 | Build | Barracks |
| 30:09 | Create | Spearman |
| 31:08 | Create | Villager (Male) |
| 31:08 | Create | Villager (Male) |
| 31:34 | Age | Castle Age |
| 31:36 | Research | Pikeman (upgrade) |
| 31:38 | Research | Squires |
| 31:57 | Build | Monastery |
| 32:16 | Create | Spearman |
| 32:16 | Create | Spearman |
| 32:17 | Create | Spearman |
| 32:28 | Research | Bow Saw |
| 33:03 | Build | Farm |
| 33:04 | Build | Farm |
| 33:07 | Create | Monk |
| 33:08 | Research | Fervor |
| 33:34 | Create | Spearman |
| 33:34 | Create | Spearman |
| 33:34 | Create | Spearman |
| 33:36 | Research | Chain Mail Armor |
| 34:12 | Research | Stone Mining |
| 34:15 | Create | Villager (Male) |
| 34:16 | Research | Hand Cart |
| 35:00 | Build | Town Center |
| 35:12 | Build | Town Center |
| 35:21 | Build | University |
| 35:37 | Build | Siege Workshop |
| 36:06 | Research | Gold Mining |
| 36:18 | Create | Villager (Male) ×5 |
| 36:21 | Research | Bodkin Arrow |
| 36:32 | Research | Masonry |
| 37:09 | Build | Farm |
| 37:11 | Build | Farm |
Match timeline
| 10:06 | TatamiBarda · age_up feudal |
| 10:16 | TatamiBarda · first_building Stable |
| 11:03 | Athedge · first_building Barracks |
| 12:12 | Athedge · age_up feudal |
| 12:31 | Athedge · first_building Stable |
| 12:51 | TatamiBarda · first_building Archery Range |
| 20:45 | Athedge · wall_segment Palisade Wall x7 |
| 22:22 | TatamiBarda · age_up castle |
| 28:40 | Athedge · wall_segment Palisade Wall x1 |
| 31:34 | Athedge · age_up castle |
| 31:57 | Athedge · first_building Monastery |
| 32:02 | TatamiBarda · first_building Castle |
| 32:52 | TatamiBarda · first_building Barracks |
| 33:01 | TatamiBarda · first_building Siege Workshop |
| 35:37 | Athedge · first_building Siege Workshop |
| 41:53 | TatamiBarda · first_building Monastery |
| 41:54 | Athedge · resign |
[ AI ANALYSIS · 1 CREDIT ]
What really happened in this match?
Wolo.gg analyzes every decision: build order, eco, micro, common mistakes by bracket. Personalized analysis on WhatsApp or Discord in 30 seconds.
Civ guide
Khmer
Perfil
Jugador #18171042